 Dungeon Crawl Stone Soup version 0.29.1-12-g30fa7ad0bf (webtiles) character file.

Game seed: 17189440503592290349

415 javelincjr the Trooper (level 6, -1/57 HPs)
             Began as a Minotaur Fighter on Dec 16, 2022.
             Was an Initiate of Okawaru.
             Slain by a bullfrog (6 damage)
             ... on level 4 of the Dungeon.
             The game lasted 00:12:58 (4063 turns).

javelincjr the Trooper (Minotaur Fighter)           Turns: 4063, Time: 00:13:00

Health: -1/57      AC: 14    Str: 20    XL:     6   Next: 60%
Magic:  5/5        EV:  7    Int:  5    God:    Okawaru [......]
Gold:   177        SH:  5    Dex: 12    Spells: 5/5 levels left

rFire   . . .      SeeInvis .   a - +0 war axe
rCold   . . .      Faith    .   c - +0 buckler
rNeg    . . .      Spirit   .   A - +0 chain mail
rPois   .          Reflect  .   (helmet restricted)
rElec   .          Harm     .   (no cloak)
rCorr   .          Rampage  .   y - +0 pair of gloves
Will    .....                   v - +2 pair of boots
Stlth   ..........              (no amulet)
HPRegen 0.19/turn               z - ring of wizardry
MPRegen 0.09/turn               (no ring)

@: no status effects
A: horns 2, retaliatory headbutt
a: Renounce Religion


You were on level 4 of the Dungeon.
You worshipped Okawaru.
Okawaru was noncommittal.
You visited 2 branches of the dungeon, and saw 5 of its levels.

You collected 177 gold pieces.

Inventory:

Hand Weapons
 a - a +0 war axe (weapon)
 e - a +2 dagger of venom
Missiles
 f - 38 stones (quivered)
Armour
 b - a +0 scale mail
 c - a +0 buckler (worn)
 v - a +2 pair of boots (worn)
 y - a +0 pair of gloves (worn)
 A - a +0 chain mail (worn)
Jewellery
 z - a ring of wizardry (left hand)
Wands
 h - a wand of flame (20)
 B - a wand of acid (8)
Scrolls
 l - 2 scrolls of teleportation
Potions
 d - 2 potions of might
 g - a potion of mutation {unknown}
 i - 2 potions of brilliance
 p - 2 potions of curing
 u - 3 potions of cancellation


   Skills:
 + Level 5.6 Fighting
 + Level 5.2 Axes
 + Level 5.5 Armour
 + Level 1.3 Dodging
 + Level 0.1 Stealth
 + Level 4.2 Shields


You had 5 spell levels left.
You didn't know any spells.
Your spell library contained the following spells:

 Spells                   Type           Power      Damage    Failure   Level
 Freeze                   Ice            0%         1d3       92%         1
 Frozen Ramparts          Ice            0%         1d1       99%         3
 Gell's Gravitas          Tloc           0%         N/A       99%         3
 Lesser Beckoning         Tloc           0%         N/A       99%         3
 Teleport Other           Tloc           0%         N/A       99%         3
 Hailstorm                Conj/Ice       0%         3d3       100%        4


Dungeon Overview and Level Annotations

Branches:
Dungeon (4/15)             Temple (1/1) D:4

Altars:
Ashenzari
Cheibriados
Dithmenos
Elyvilon
Fedhas
Hepliaklqana
Kikubaaqudgha
Nemelex Xobeh
Okawaru
Sif Muna
Trog
Uskayaw
Vehumet
Wu Jian
Xom
Yredelemnul
Zin
The Shining One

Annotations:
D:1 1 runed translucent door


Innate Abilities, Weirdness & Mutations

You have a pair of horns on your head.
You reflexively headbutt those who attack you in melee.


Message History

The orc priest closely misses you.
The bullfrog hits you but does no damage.
You closely miss the orc priest. You headbutt the orc priest.
The orc priest is moderately wounded.
You barely miss the bullfrog. The bullfrog barely misses you.
The orc priest hits you with a +0 dagger.
* * * LOW HITPOINT WARNING * * *
You hit the orc priest but do no damage.
Your headbutt misses the orc priest.
The orc priest is moderately wounded.
You miss the bullfrog. You block the bullfrog's attack.
The orc priest hits you but does no damage.
The bullfrog hits you but does no damage.
You barely miss the orc priest.
The orc priest is moderately wounded.
You hit the orc but do no damage. You barely miss the bullfrog.
You slash the hobgoblin!
You kill the hobgoblin!
Okawaru accepts your kill. You block the bullfrog's attack.
The bullfrog hits you.
* * * LOW HITPOINT WARNING * * *
You block the orc's attack.
The orc priest mumbles some strange prayers to Beogh against you.
Pain shoots through your body!
* * * LOW HITPOINT WARNING * * *
You hit the orc priest. You headbutt the orc priest.
The orc priest is almost dead.
You closely miss the orc. You closely miss the bullfrog.
You block the bullfrog's attack. The orc barely misses you.
You furiously retaliate!
You headbutt the orc.
The bullfrog hits you but does no damage.
The orc priest looks encouraged for a moment.
You feel better. The bullfrog barely misses you.
The orc hits you with a +0 whip.
* * * LOW HITPOINT WARNING * * *
The orc priest calls down the wrath of Beogh upon you.
Beogh smites you!
* * * LOW HITPOINT WARNING * * *
The bullfrog hits you.
You die...

......# .8...8. .......
##+#...>... #.........?
######## #..o.8...8.
#....... #..oo......
#....... .... #..@FJ.8...
+....... #... ###'###....
#......# #.... #..>.## .
#......# #....##.....#
#....... #...........#
#......< #..........##
#....... #..........#
....######### #....##....#
....##....###
#....##....##.............


You could see a bullfrog, 2 orc priests, an orc and an endoplasm.

Vanquished Creatures
  An ogre (D:4)
  2 hounds (D:4)
  3 orc priests (D:3)
  Jessica (D:2)
  Ijyb (D:4)
  3 gnolls (D:3)
  2 adders
  A shadow imp (D:4)
  2 worms (D:2)
  9 orcs (D:3)
  8 ball pythons
  7 endoplasms
  3 giant cockroaches
  2 goblins
  9 hobgoblins
  2 jackals (D:3)
  3 quokkas
  4 bats
  2 frilled lizards
  6 kobolds
  3 rats
74 creatures vanquished.

Notes
Turn   | Place    | Note
-------+----------+-------------------------------------------
     0 | D:1      | javelincjr the Minotaur Fighter began the quest for the
                  | Orb.
     0 | D:1      | Reached XP level 1. HP: 19/19 MP: 0/0
     1 | D:1      | Found a runed translucent door.
   228 | D:1      | Found a faded altar of an unknown god.
   404 | D:1      | Reached XP level 2. HP: 27/27 MP: 1/1
  1139 | D:2      | Noticed Jessica
  1146 | D:2      | Killed Jessica
  1147 | D:2      | Reached XP level 3. HP: 17/33 MP: 2/2
  1726 | D:2      | Reached XP level 4. HP: 40/40 MP: 3/3
  2100 | D:3      | Reached skill level 1 in Dodging
  2100 | D:3      | Reached XP level 5. HP: 33/47 MP: 4/4
  2364 | D:3      | Reached skill level 5 in Armour
  2371 | D:3      | Reached skill level 5 in Fighting
  2796 | D:4      | Found a staircase to the Ecumenical Temple.
  2818 | Temple   | Entered the Ecumenical Temple
  3041 | Temple   | Became a worshipper of Warmaster Okawaru
  3462 | D:4      | Reached XP level 6. HP: 56/56 MP: 5/5
  3670 | D:4      | Noticed Ijyb
  3685 | D:4      | Killed Ijyb
  3831 | D:4      | Reached skill level 5 in Axes
  4063 | D:4      | Slain by a bullfrog

Illustrated notes

Levels and vault maps discovered:
D:1:      dpeg_arrival_caged_fury, layout_loops_corners,
          ebering_ecumenical_altar_rust
D:2:      layout_basic, kennysheep_another_room, uniq_jessica
D:3:      layout_rooms
D:4:      layout_gridville, minmay_temple_entry_sparse_star, grunt_ministairs_2,
          ebering_dispersal_statue_hall, dreamdust_princess_bridge,
          nicolae_figureground_sparkle, uniq_ijyb
Temple:   mainiacjoe_temple_bowtie_tessellation

Skill      XL: |  1  2  3  4  5  6 |
---------------+-------------------+-----
Fighting       | 4 5 |  5.6
Armour         | 4 5 |  5.5
Axes           | 3 4 5 |  5.2
Shields        | 4 |  4.2
Dodging        | 1 |  1.3
Stealth        | |  0.1

Action                   |  1- 3 |  4- 6 || total
-------------------------+-------+-------++-------
Melee: War axe           |    73 |   101 ||   174
       Headbutt          |    12 |    16 ||    28
Throw: Stone             |       |     1 ||     1
  Use: Scroll            |       |    13 ||    13
       Potion            |       |     6 ||     6
Armor: Scale mail        |    34 |    33 ||    67
       Chain mail        |       |    30 ||    30
Dodge: Dodged            |    39 |    47 ||    86
Block: Buckler           |    15 |    27 ||    42
